 Dungeon Crawl Stone Soup version 0.31-a0-700-gf13585253f (webtiles) character file.

Game seed: 13068432387493587381

58 qw the Shooter (level 4, -7/27 HPs)
             Began as a Gargoyle Hunter on Sept 7, 2023.
             Mangled by Grinder (8 damage)
             ... while paralysed by Grinder
             ... on level 3 of the Dungeon.
             The game lasted 00:00:34 (1551 turns).

qw the Shooter (Gargoyle Hunter)                    Turns: 1551, Time: 00:00:35

Health: -7/27      AC:  9    Str: 15    XL:     4   Next: 1%
Magic:  4/4        EV:  2    Int:  9    God:
Gold:   65         SH:  0    Dex: 15    Spells: 3/3 levels left

rFire   + . .        Y - +0 shortbow
rCold   + . .        (shield currently unavailable)
rNeg    + . .        d - +0 ring mail
rPois   inf          (no helmet)
rElec   +            b - scarf {rC+ rF+}
rCorr   .            (no gloves)
SInv    .            h - +0 pair of boots
Will    .....        (no amulet)
Stlth   +            (no ring)
HPRegen 0.24/turn    (no ring)
MPRegen 0.09/turn

%: no passive effects
@: paralysed
A: sickness immunity, AC +3, negative energy resistance 1, electricity
resistance, torment resistance 1, petrification resistance
a: no special abilities


You were on level 3 of the Dungeon.
You visited 1 branch of the dungeon, and saw 3 of its levels.

You collected 65 gold pieces.


Innate Abilities, Weirdness & Mutations

You are immune to sickness and miasma.
Your stone body is resilient. (AC +3)
You are immune to poison.
You resist negative energy. (rN+)
You are resistant to electric shocks. (rElec)
You are resistant to unholy torment.
You are immune to petrification.


   Skills:
 + Level 2.7 Fighting
 - Level 5.0 Ranged Weapons
 - Level 1.2 Armour
 - Level 1.5 Dodging
 - Level 1.1 Stealth


You had 3 spell levels left.
You didn't know any spells.
Your spell library was empty.

Inventory:

Hand Weapons
 Y - a +0 shortbow (weapon)
Armour
 b - a scarf of resistance (worn)
 d - a +0 ring mail (worn)
 h - a +0 pair of boots (worn)
Potions
 a - a potion of mutation {unknown}
 c - a potion of degeneration {unknown}
 e - a potion of attraction {unknown}
 f - a potion of might
 g - a potion of heal wounds

Dungeon Overview and Level Annotations

Branches:
Dungeon (3/15)

Altars:

Shops:
D:1 *

Annotations:
D:3 Grinder


Message History

Grinder is lightly wounded.
Grinder says, "You look like you could use a good racking."
Grinder hits you!
You shoot an arrow. The arrow closely misses Grinder.
Grinder closely misses you.
You shoot an arrow. The arrow hits Grinder.
Grinder is lightly wounded.
Grinder hits you.
You shoot an arrow.
The arrow hits Grinder but does no damage.
Grinder is lightly wounded.
Grinder hits you.
You shoot an arrow. The arrow hits Grinder.
Grinder is lightly wounded.
Grinder hits you but does no damage. Grinder gestures at you.
You suddenly lose the ability to move!
Grinder completely misses you. Grinder gestures at you.
Pain shoots through your body! Grinder hits you.
You writhe in agony.
Grinder hits you but does no damage.
You can move again.
You shoot an arrow. The arrow barely misses Grinder.
Grinder completely misses you.
You shoot an arrow. The arrow closely misses Grinder.
Grinder misses you.
You shoot an arrow. The arrow closely misses Grinder.
Grinder hits you but does no damage.
You shoot an arrow. The arrow hits Grinder.
Grinder is moderately wounded.
Grinder hits you but does no damage. Grinder gestures at you.
You suddenly lose the ability to move!
Grinder hits you. Grinder hits you! Grinder hits you. Grinder hits you!
You die...
Grinder says, "Now the real fun starts!"

#..####
#..# #..#
#.[# #..#
#..# #..#
#.># #.@#
#.#5...?..
##.######.
. .# .# .#


You could see Grinder.

Vanquished Creatures
  A white imp (D:3)
  2 worms (D:2)
  2 dart slugs (D:2)
  A ball python (D:1)
  3 endoplasms
  3 giant cockroaches
  8 goblins
  5 hobgoblins
  2 jackals (D:2)
  A quokka (D:2)
  A frilled lizard (D:3)
  3 kobolds (D:1)
  5 rats
37 creatures vanquished.

Notes
Turn   | Place    | Note
-------+----------+-------------------------------------------
     0 | D:1      | qw the Gargoyle Hunter began the quest for the Orb.
     0 | D:1      | Reached XP level 1. HP: 12/12 MP: 1/1
     0 | D:1      | 0 ||| qw: Version: 0.3-a-76-g4403597
     0 | D:1      | 0 ||| qw: Game counter: 644
     0 | D:1      | 0 ||| qw: Melee chars always use a shield: true
     0 | D:1      | 0 ||| qw: God list: Okawaru
     0 | D:1      | 0 ||| qw: Allow faded altars: false
     0 | D:1      | 0 ||| qw: Do Orc after clearing Dungeon:15 true
     0 | D:1      | 0 ||| qw: Do second Lair branch before Depths: true
     0 | D:1      | 0 ||| qw: Lair rune preference: random
     0 | D:1      | 0 ||| qw: Goals: Normal
     0 | D:1      | 0 ||| PLANNING D:1-11
    28 | D:1      | 28 ||| UPGRADING to +0 ring mail.
    42 | D:1      | 42 ||| DROPPING +0 leather armour.
    53 | D:1      | Found Cuemmusa's Assorted Antiques.
    63 | D:1      | Reached skill level 1 in Armour
    94 | D:1      | 94 ||| SHOPLISTING scroll labelled PYLOMY JOVYOSE (27 gold,
                  | have 9).
    94 | D:1      | 94 ||| SHOPLISTING scroll labelled ZAGRAV OMAZASO (27 gold,
                  | have 9).
   155 | D:1      | 155 ||| READING scroll labelled ENETIC RAUMOGO.
   156 | D:1      | 156 ||| DROPPING scroll of butterflies.
   160 | D:1      | Reached XP level 2. HP: 17/17 MP: 2/2
   551 | D:2      | Reached XP level 3. HP: 21/21 MP: 3/3
   777 | D:2      | Reached skill level 5 in Ranged Weapons
  1345 | D:2      | 1345 ||| UPGRADING to scarf of resistance.
  1350 | D:2      | 1350 ||| UPGRADING to +0 pair of boots.
  1355 | D:2      | 1355 ||| DRINKING 2 golden potions.
  1356 | D:2      | 1356 ||| DRINKING 2 inky potions.
  1502 | D:3      | Reached XP level 4. HP: 27/27 MP: 4/4
  1534 | D:3      | Noticed Grinder
  1539 | D:3      | Paralysed by Grinder for 5 turns
  1547 | D:3      | Paralysed by Grinder for 5 turns
  1549 | D:3      | HP: 2/27 [Grinder (9)]
  1551 | D:3      | Mangled by Grinder

Levels and vault maps discovered:
D:1:      moated_graveyard_arrival, layout_basic, serial_shops,
          nicolae_shop_just_a_little_nook, serial_glass, glass_columns_b,
          glass_columns_a, glass_columns_a, glass_columns_a, glass_columns_a,
          glass_columns_c, glass_columns_a, glass_columns_a, glass_columns_b,
          glass_columns_a, glass_columns_b, glass_columns_b, glass_columns_c,
          glass_columns_a
D:2:      layout_basic
D:3:      layout_loops_ring, uniq_grinder

Skill      XL: |  1  2  3 |
---------------+----------+-----
Armour         | 1 |  1.2
Ranged Weapons | 5 |  5.0
Fighting       | |  2.7
Dodging        | |  1.5
Stealth        | |  1.1

Action                     |  1- 3 |  4- 6 || total
---------------------------+-------+-------++-------
   Fire: Shortbow          |   123 |     9 ||   132
    Use: Scroll            |     1 |       ||     1
         Potion            |     2 |       ||     2
 Armour: Ring mail         |    34 |    12 ||    46
  Dodge: Dodged            |    27 |     4 ||    31

Table legend:
 A = Non-vault XP
 B = Vault XP
 C = Vault XP percentage of total XP
 D = Non-vault monster count
 E = Vault monster count
 F = Vault count percentage of total count
                 A         B        C        D         E       F
            +---------+---------+-------+---------+---------+-------
      Total |      83 |       0 |   0.0 |      37 |       0 |   0.0
            +---------+---------+-------+---------+---------+-------
        D:1 |      33 |       0 |   0.0 |      20 |       0 |   0.0
        D:2 |      35 |       0 |   0.0 |      13 |       0 |   0.0
        D:3 |      15 |       0 |   0.0 |       4 |       0 |   0.0
            +---------+---------+-------+---------+---------+-------
